 Dungeon Crawl Stone Soup version 0.19.1 (webtiles) character file.

142 Rrauwl the Skirmisher (level 5, 0/42 HPs)
             Began as a Human Fighter on Nov 24, 2016.
             Slain by an orc
             ... wielding a +0 hand axe
              (5 damage)
             ... on level 3 of the Dungeon.
             The game lasted 00:13:34 (2415 turns).

Rrauwl the Skirmisher (Human Fighter)               Turns: 2415, Time: 00:13:35

Health: 0/42       AC:  7    Str: 16      XL:     5   Next: 50%
Magic:  5/5        EV:  7    Int:  7 (9)  God:
Gold:   175        SH: 10    Dex: 12 (13) Spells: 0 memorised, 4 levels left

rFire  . . .     SeeInvis .     a - +1 long sword
rCold  . . .     Gourm    .     b - +0 scale mail
rNeg   . . .     Faith    .     c - +1 shield
rPois  .         Spirit   .     (no helmet)
rElec  .         Reflect  .     (no cloak)
rCorr  .         Harm     .     (no gloves)
MR     .....                    (no boots)
Stlth  ..........               (no amulet)
                                (no ring)
                                (no ring)

@: no status effects
A: no striking features
a: no special abilities


You were on level 3 of the Dungeon.
You were not hungry.

You visited 1 branch of the dungeon, and saw 3 of its levels.

You collected 175 gold pieces.

Inventory:

Hand Weapons
 a - a +1 long sword (weapon)
Armour
 b - a +0 scale mail (worn)
 c - a +1 shield (worn)
Jewellery
 i - a cursed ring of stealth {unknown}
Scrolls
 j - 2 scrolls of identify
 k - a scroll of enchant armour
 l - 2 scrolls of blinking
 n - a scroll of fog
Potions
 d - a potion of might
 e - 2 potions of brilliance
Comestibles
 f - 2 bread rations
 g - a slice of pizza
 h - 2 meat rations


   Skills:
 - Level 4.0 Fighting
 + Level 3.0 Long Blades
 + Level 3.8 Armour
 + Level 3.8 Shields


You had 4 spell levels left.
You didn't know any spells.

Dungeon Overview and Level Annotations

Branches:
Dungeon (3/15)

Altars:

Annotations:
D:3 1 runed door


Message History

You closely miss the orc priest. The orc priest hits you with a club.
* * * LOW HITPOINT WARNING * * *
The orc priest looks satisfied for a moment.
You closely miss the orc priest.
The orc priest hits you but does no damage.
You hit the orc priest.
The orc priest is moderately wounded.
The orc priest hits you but does no damage.
You closely miss the orc priest.
The orc priest is moderately wounded.
The orc priest hits you with a club.
* * * LOW HITPOINT WARNING * * *
You slash the orc priest!
You kill the orc priest!
You feel your strength returning.
Your Long Blades skill increases to level 3!
You hit the orc.
The orc is heavily wounded.
The orc hits you with a hand axe.
You die...

#.# #.# #.. #.# #.###.#
#.# #######.##..)
#.###########............
#...........(.(.....##...
########.####..########.#
#.# #o.# #.# #)# #..# #.#
#@# #o.# #.. #o# #.># ###
#!# #..# #.# #..#
#.####..# #....o(.#
#######.# #.##########
#...........


You could see an orc.

Vanquished Creatures
  An orc priest (D:3)
  An orc wizard (D:3)
  2 adders
  2 oozes (D:1)
  A dart slug (D:1)
  An orc (D:3)
  3 giant cockroaches
  6 goblins
  7 hobgoblins
  5 jackals (D:2)
  7 kobolds
  2 quokkas
  2 ball pythons (D:2)
  8 bats
  3 frilled lizards
  3 rats
54 creatures vanquished.

Notes
Turn   | Place    | Note
-------+----------+-------------------------------------------
     0 | D:1      | Rrauwl the Human Fighter began the quest for the Orb.
     0 | D:1      | Reached XP level 1. HP: 18/18 MP: 1/1
    94 | D:1      | Reached XP level 2. HP: 18/24 MP: 2/2
   136 | D:1      | Gained mutation: Your mind is acute. (Int +2) [potion of mutation]
   136 | D:1      | Lost mutation: Your mind is acute. (Int +2) [potion of mutation]
   136 | D:1      | Gained mutation: You passively map a small area around you. [potion of mutation]
   207 | D:1      | Reached XP level 3. HP: 26/29 MP: 3/3
   745 | D:2      | Lost mutation: You passively map a small area around you. [potion of cure mutation]
   928 | D:2      | Reached XP level 4. HP: 33/36 MP: 4/4
  2028 | D:3      | Found a runed door.
  2402 | D:3      | Reached skill level 4 in Fighting
  2402 | D:3      | Reached XP level 5. HP: 24/42 MP: 5/5
  2415 | D:3      | Slain by an orc

Skill      XL: |  1  2  3  4  5 |
---------------+----------------+-----
Fighting       | 4 |  4.0
Long Blades    | 3 |  3.0
Armour         | |  3.8
Shields        | |  3.8

Action                   |  1- 3 |  4- 6 || total
-------------------------+-------+-------++-------
Melee: Long sword        |   197 |   144 ||   341
  Use: Scroll            |     4 |     6 ||    10
       Potion            |     4 |     3 ||     7
  Eat: Chunk             |     1 |     5 ||     6
Armor: Scale mail        |   131 |    74 ||   205
Dodge: Dodged            |    53 |    33 ||    86
Block: Shield            |   128 |    77 ||   205
       Rpst.: Long sword |    17 |    12 ||    29
